 Seeded DCSS version 0.31-a0-271-gb88eb75e06 (webtiles) character file.

Game seed: 14215367866634240820 (custom seed)

204 innerfire43 the Chopper (level 5, 0/42 HPs)
             Began as a Demonspawn Monk on July 14, 2023.
             Constricted to death by Ijyb (6 damage)
             ... on level 4 of the Dungeon.
             The game lasted 00:03:20 (2658 turns).

innerfire43 the Chopper (Demonspawn Monk)           Turns: 2658, Time: 00:03:21

Health: 0/42       AC:  6    Str: 13    XL:     5   Next: 52%
Magic:  5/5        EV: 10    Int: 11    God:
Gold:   168        SH:  0    Dex: 16    Spells: 4/4 levels left

rFire   . . .        m - +0 war axe
rCold   . . .        d - orb {light}
rNeg    . . .        b - +0 robe
rPois   .            j - +2 helmet
rElec   .            (no cloak)
rCorr   .            (no gloves)
SInv    .            r - +0 pair of boots
Will    .....        (no amulet)
Stlth   +            (no ring)
HPRegen 0.27/turn    (no ring)
MPRegen 0.09/turn

%: no passive effects
@: confused, ambrosia-drunk, grasped by roots, glowing, constricted
A: demonic guardian 2
a: no special abilities


You were on level 4 of the Dungeon.
You visited 1 branch of the dungeon, and saw 4 of its levels.

You collected 168 gold pieces.

Inventory:

Hand Weapons
 a - a +0 hand axe
 m - a +0 war axe (weapon)
Missiles
 h - 5 silver javelins (quivered)
Armour
 b - a +0 robe (worn)
 d - an orb of light (worn)
 j - a +2 helmet (worn)
 r - a +0 pair of boots (worn)
Scrolls
 e - a scroll of enchant weapon {unknown}
 f - a scroll of fog {unknown}
 i - 4 scrolls of enchant armour {unknown}
 k - a scroll of amnesia {unknown}
 l - a scroll of poison {unknown}
 o - a scroll of torment {unknown}
 p - a scroll of teleportation {unknown}
 q - a scroll of identify {unknown}
 s - a scroll of acquirement {unknown}
Potions
 g - a potion of curing {unknown}
 n - a potion of berserk rage {unknown}


   Skills:
 + Level 4.1 Fighting
 * Level 4.2 Axes
 + Level 3.7 Dodging


You had 4 spell levels left.
You didn't know any spells.
Your spell library contained the following spells:

 Spells                   Type           Power      Damage    Failure   Level
 Sandblast                Erth           0%         2d4       34%         1
 Passwall                 Tmut/Erth      0%         N/A       47%         2
 Gell's Gravitas          Tloc           0%         N/A       71%         3
 Stone Arrow              Conj/Erth      0%         3d7       71%         3
 Teleport Other           Tloc           0%         N/A       71%         3
 Dispersal                Tloc           0%         N/A       100%        6


Dungeon Overview and Level Annotations

Branches:
Dungeon (4/15)
 Temple: D:4-7

Altars:

Shops:
D:4 [

Annotations:
D:4 Ijyb


Innate Abilities, Weirdness & Mutations

A demonic guardian rushes to your aid.


Message History

Unknown command.
You bump into the rock wall.
Ijyb barely misses you.
Unknown command.
You hit Ijyb.
Ijyb is moderately wounded.
You feel less invigorated.
You feel less confused. Ijyb hits you with a +0 club.
You slash Ijyb!
Ijyb is heavily wounded.
Ijyb zaps a wand.
The roots erupt in riotous growth!
The grasping roots grab you!
Ijyb is unaffected.
Roots grab your ice devil.
The grasping roots constrict your ice devil.
The grasping roots constrict you.
The kobold throws a stone.
The stone hits your ice devil but does no damage.
Ijyb hits you with a +0 club.
The grasping roots constrict your ice devil.
The grasping roots constrict you.
Unknown command.
You slash Ijyb!
Ijyb is almost dead.
Ijyb hits you with a +0 club.
* * * LOW HITPOINT WARNING * * *
The grasping roots constrict your ice devil.
The grasping roots constrict you.
* * * LOW HITPOINT WARNING * * *
The kobold hits your ice devil but does no damage.
You are confused.
You feel invigorated. Ijyb hits you with a +0 club.
* * * LOW HITPOINT WARNING * * *
The grasping roots constrict your ice devil.
The grasping roots constrict you.
* * * LOW HITPOINT WARNING * * *
The kobold hits your ice devil with a +0 club.
You bump into the rock wall.
The roots release their grip on your ice devil.
Ijyb closely misses you. The grasping roots constrict you.
You die... #. #. #.## #... #..## .SS

#g# # #@# .#
###############4#..##..
#...............K......
#.###########.###......
#.# #.# ...... #.# #.#
...:. ##.# #.# ###..
...# #.# . ...# #.#


You could see Ijyb (ally target), 2 ball pythons, a kobold and a friendly ice
devil (summoned).

Vanquished Creatures
  An orc priest (D:3)
  Terence (D:3)
  4 gnolls (D:2)
  2 adders
  2 worms
  2 dart slugs
  An orc (D:3)
  5 ball pythons
  7 endoplasms
  3 giant cockroaches
  9 goblins
  5 hobgoblins
  5 jackals (D:1)
  4 kobolds
  4 quokkas
  5 bats
  5 frilled lizards
  4 rats
69 creatures vanquished.

Vanquished Creatures (collateral kills)
  2 orcs (D:3)
  An endoplasm (D:1)
  A jackal (D:1)
  A kobold (D:4)
  A quokka (D:1)
6 creatures vanquished.

Grand Total: 75 creatures vanquished

Notes
Turn   | Place    | Note
-------+----------+-------------------------------------------
     0 | D:1      | innerfire43 the Demonspawn Monk began the quest for the
                  | Orb.
     0 | D:1      | Reached XP level 1. HP: 18/18 MP: 1/1
    52 | D:1      | Gained mutation: A weak demonic guardian rushes to your
                  | aid. [demonic ancestry]
    52 | D:1      | Reached XP level 2. HP: 10/24 MP: 2/2
   588 | D:1      | Reached XP level 3. HP: 23/29 MP: 3/3
  1314 | D:2      | Gained mutation: A demonic guardian rushes to your aid.
                  | [demonic ancestry]
  1314 | D:2      | Reached XP level 4. HP: 26/37 MP: 4/4
  1722 | D:3      | Reached XP level 5. HP: 27/42 MP: 5/5
  2068 | D:3      | Noticed Terence
  2073 | D:3      | Killed Terence
  2567 | D:4      | Found Junwutirr's Armour Shoppe.
  2639 | D:4      | Noticed Ijyb
  2658 | D:4      | Constricted to death by Ijyb

Illustrated notes

Levels and vault maps discovered:
D:1:      dpeg_arrival_castle, layout_basic, serial_forest,
          infiniplex_forest_straight_2, infiniplex_forest_straight_3,
          infiniplex_forest_clump_double, infiniplex_forest_lined_1,
          infiniplex_forest_clump_small, infiniplex_forest_straight_2,
          infiniplex_forest_lined_3_way
D:2:      layout_rooms
D:3:      layout_basic, general_overflow_altar, uniq_terence
D:4:      minmay_chambers_of_fours, layout_loops_ring, gup_sewer_entry_pipe,
          serial_shops, shop, uniq_ijyb

Skill      XL: |  1  2  3  4  5 |
---------------+----------------+-----
Dodging        | 3 |  3.7
Axes           | 3 4 |  4.2
Fighting       | 4 |  4.1

Action                     |  1- 3 |  4- 6 || total
---------------------------+-------+-------++-------
  Melee: Hand axe          |    83 |    26 ||   109
         War axe           |       |    61 ||    61
  Throw: Javelin           |     3 |     2 ||     5
    Use: Potion            |       |     2 ||     2
 Armour: Robe              |    17 |    30 ||    47
  Dodge: Dodged            |    82 |    52 ||   134

Table legend: (Time is in decaauts)
 A = Elapsed time spent in this place.
 B = Non-inter-level travel time spent in this place.
 C = Inter-level travel time spent in this place.
 D = Time resting spent in this place.
 E = Time spent auto-exploring this place.
 F = Levels seen in this place.
 G = Mean time per level.
                   A        B        C        D        E       F      G
               +--------+--------+--------+--------+--------+-----+--------+
         Total |   2698 |   2583 |    115 |      0 |   2125 |   4 |  674.5 |
       Dungeon |   2698 |   2583 |    115 |      0 |   2125 |   4 |  674.5 |
               +--------+--------+--------+--------+--------+-----+--------+

Top non-repeatable levels by time:
     D:1: 1076 daAuts
     D:3: 969 daAuts
     D:2: 504 daAuts
     D:4: 148 daAuts
